AoeStats
← AgustinVB

MegaRandom

508585998Analyzed
3v3 RM · 8d ago on Sep 23, 2026· 41m 48s· 6 players
Game mode
Random Map
Map size
Normal (6 player)
Population
200
Speed
Normal
Resources
Standard
Victory
Conquest
Starting age
Dark Age
Ending age
Imperial Age
RankedLock teamsTeams togetherTeam positionsShared explorationLock speedFull tech treeHidden civsTurbo modeCheats
Victory
Defeat
🇵🇪 Mongols · Peru
1046
+18
🇵🇪 Sicilians · Peru
1045
+18
🇵🇪 Vietnamese · Peru
955
+22
🇲🇽 Varangians · Mexico
1219
-25
🇲🇽 Magyars · Mexico
1026
-17
🇲🇽 Vietnamese · Mexico
1018
-16
NeessQuiick
11:47 Feudal Age
10:05 Loom
24:40 Castle Age
MZTK l ROD
0:37 Loom
11:12 Feudal Age
12:08 Double-Bit Axe
20:25 Horse Collar
21:25 Fishing Lines
24:17 Scale Barding Armor
24:23 Forging
26:50 Castle Age
25:16 Gold Mining
25:17 Stone Mining
26:15 Bloodlines
28:19 Iron Casting
28:04 Chain Barding Armor
28:21 Husbandry
31:12 Wheelbarrow
32:23 Vendel Legacy
33:23 Bow Saw
36:23 Pikeman
37:04 Squires
36:49 Arson
38:49 Scale Mail Armor
41:54 Chain Mail Armor
omarUMP
4:28 Loom
11:49 Feudal Age
19:15 Castle Age
24:14 Fletching
29:33 Double-Bit Axe
AgustinVB
5:04 Loom
8:27 Feudal Age
9:12 Double-Bit Axe
17:59 Wheelbarrow
17:58 Gold Mining
20:38 Castle Age
19:49 Bloodlines
20:28 Forging
20:31 Scale Barding Armor
20:35 Horse Collar
21:37 Husbandry
22:58 Bow Saw
26:03 Town Watch
33:10 Hand Cart
34:48 Chain Barding Armor
36:27 Iron Casting
40:45 Imperial Age
38:32 Fletching
40:01 Heavy Plow
40:00 Stone Mining
41:52 Gold Shaft Mining
42:41 Blast Furnace
41:17 Heavy Camel Rider
SrMevliz
5:02 Loom
10:47 Feudal Age
11:19 Double-Bit Axe
17:13 Horse Collar
18:26 Scale Barding Armor
18:32 Forging
23:22 Castle Age
24:13 Stone Mining
24:14 Gold Mining
24:29 Husbandry
24:39 Bloodlines
25:30 Stone Shaft Mining
27:15 Wheelbarrow
27:09 Heavy Plow
30:56 Hand Cart
32:11 Chatras
33:51 Chain Barding Armor
34:06 Iron Casting
35:29 Bow Saw
44:32 Imperial Age
LUISELWUEBAS
11:34 Feudal Age
12:02 Loom
13:16 Double-Bit Axe
22:57 Scale Mail Armor
30:15 Castle Age
29:37 Forging
40:10 Iron Casting
39:50 Chain Mail Armor
Connection lost

Rejoining the realm…

Still unreachable

The connection could not be restored.

Session expired

The server has moved on; the page needs a fresh start.